 Dungeon Crawl Stone Soup version 0.23-a0-182-g58cdd98 (webtiles) character file.

82983 BarneyGumball the Blocker (level 15, 0/146 HPs)
             Began as a Deep Dwarf Fighter on Sept 19, 2018.
             Was the Champion of Ashenzari.
             Slain by a harpy (2 damage)
             ... summoned by Kirke
             ... on level 13 of the Dungeon.
             The game lasted 02:14:35 (20717 turns).

BarneyGumball the Blocker (Deep Dwarf Fighter)     Turns: 20717, Time: 02:14:36

Health: 0/146      AC:  0    Str: 24    XL:     15   Next: 31%
Magic:  8/8        EV: 13    Int: 11    God:    Ashenzari [******]
Gold:   649        SH:  0    Dex: 12    Spells: 14/14 levels left

rFire    . . .     SeeInvis +   (weapon currently unavailable)
rCold    . . .     Gourm    .   (shield currently unavailable)
rNeg     + . .     Faith    .   (armour currently unavailable)
rPois    .         Spirit   .   (helmet currently unavailable)
rElec    .         Reflect  .   (cloak currently unavailable)
rCorr    .         Harm     .   (gloves currently unavailable)
MR       ++...     Clarity  +   (boots currently unavailable)
Stlth    +.........             (no amulet)
HPRegen  0.00/turn              (ring currently unavailable)
MPRegen  0.11/turn              (ring currently unavailable)

@: pig-form, non-regenerating, very quick
A: small, damage resistance, heal wounds, blurry vision 1, negative energy
resistance 1, sense surroundings 2, no regeneration
a: Heal Wounds, Curse Item, Scrying, Transfer Knowledge, Renounce Religion


You were on level 13 of the Dungeon.
You worshipped Ashenzari.
Ashenzari was exalted by your worship.
You were not hungry.
You were a filthy swine.
You visited 4 branches of the dungeon, and saw 23 of its levels.
You also visited: Sewer, Bailey and Ice Cave.

You collected 2974 gold pieces.
You spent 2325 gold pieces at shops.

Inventory:

Hand Weapons
 w - a +3 vampiric hand axe (melded)
 B - the +8 whip "Kaomes" {speed, rC++ Str+3}
   (You found it on level 4 of the Dungeon)

   Attacks with this weapon are significantly faster.
   It affects your strength (+3).
   It greatly protects you from cold.
 C - the +6 shillelagh "Devastator" {shatter}
   (You found it on level 4 of the Dungeon)
Armour
 c - a cursed +1 shield (melded)
 s - a cursed +0 pair of boots (melded)
 z - a cursed +0 helmet (melded)
 F - the +4 plate armour "Duema" {Dex+4}
   (You found it in a bailey)

   It affects your dexterity (+4).
 S - a cursed +2 cloak of cold resistance (melded)
 W - a +0 large shield
 X - the +6 chain mail of Unambiguity {Dex+2}
   (You bought it in a shop on level 11 of the Dungeon)

   It affects your dexterity (+2).
 Z - a +2 plate armour of positive energy (melded)
Jewellery
 b - a +6 ring of intelligence
 q - an uncursed amulet of magic regeneration
 y - a cursed +3 ring of protection (melded)
 J - a cursed +4 ring of protection (melded)
 O - an uncursed ring of flight
 R - an uncursed ring of ice
Wands
 a - a wand of paralysis (19)
 m - a wand of enslavement (15)
 K - a wand of digging (44)
 L - a wand of flame (85)
 Q - a wand of iceblast (42)
Scrolls
 e - a scroll of enchant weapon
 g - 4 scrolls of remove curse
 h - 11 scrolls of teleportation
 n - 5 scrolls of fear
 p - 6 scrolls of enchant armour
 r - 10 scrolls of identify
 G - 2 scrolls of holy word {unknown}
 I - 5 scrolls of magic mapping
 M - 5 scrolls of amnesia
 N - a scroll of torment {unknown}
 P - a scroll of immolation
 T - a scroll of fog
 V - a scroll of blinking
Potions
 d - 4 potions of might
 i - 2 potions of flight
 j - 10 potions of curing
 k - 4 potions of lignification
 l - 6 potions of agility
 o - 4 potions of mutation
 t - 2 potions of haste
 v - a potion of heal wounds
 x - 2 potions of brilliance
 A - 2 potions of berserk rage
 D - 4 potions of magic
 E - a potion of cancellation {unknown}
 H - 5 potions of resistance
 Y - a potion of ambrosia
Comestibles
 f - 35 rations
 u - 5 chunks of flesh


   Skills:
 * Level 12.9 Fighting
 + Level 7.4(11.6) Axes
 - Level 12.7(13.3) Maces & Flails
 - Level 13.5(17.6) Armour
 + Level 14.1(16.7) Shields
 - Level 9.6(12.5) Evocations


You had 14 spell levels left.
You didn't know any spells.
Your spell library contained the following spells:

 Spells                   Type           Power        Failure   Level  Hunger
 Beastly Appendage        Tmut           #.....       30%         1    ##.....
 Corona                   Hex            #......      30%         1    ##.....
 Flame Tongue             Conj/Fire      #....        30%         1    ##.....
 Freeze                   Ice            #...         30%         1    ##.....
 Magic Dart               Conj           #...         30%         1    ##.....
 Shock                    Conj/Air       #...         30%         1    ##.....
 Summon Butterflies       Summ           #.......     30%         1    ##.....
 Summon Small Mammal      Summ           #...         30%         1    ##.....
 Blink                    Tloc           N/A          43%         2    ###....
 Call Imp                 Summ           #.......     43%         2    ###....
 Corpse Rot               Necr           N/A          43%         2    ###....
 Ensorcelled Hibernation  Hex/Ice        #.....       43%         2    ###....
 Searing Ray              Conj           #.....       43%         2    ###....
 Slow                     Hex            #.......     43%         2    ###....
 Sticks to Snakes         Tmut           #.......     43%         2    ###....
 Swiftness                Chrm/Air       #.......     43%         2    ###....
 Throw Flame              Conj/Fire      #.....       43%         2    ###....
 Throw Frost              Conj/Ice       #.....       43%         2    ###....
 Call Canine Familiar     Summ           #.......     67%         3    ####...
 Confuse                  Hex            #.......     67%         3    ####...
 Conjure Flame            Conj/Fire      #.......     67%         3    ####...
 Dazzling Spray           Conj/Hex       #.....       67%         3    ####...
 Inner Flame              Hex/Fire       #.......     67%         3    ####...
 Mephitic Cloud           Conj/Pois/Air  #.......     67%         3    ####...
 Ozocubu's Armour         Chrm/Ice       #.......     67%         3    ####...
 Spider Form              Tmut/Pois      #.........   67%         3    ####...
 Static Discharge         Conj/Air       #.......     67%         3    ####...
 Stone Arrow              Conj/Erth      #.....       67%         3    ####...
 Summon Guardian Golem    Hex/Summ       #.......     67%         3    ####...
 Tukima's Dance           Hex            #.......     67%         3    ####...
 Airstrike                Air            #.........   97%         4    #####..
 Force Lance              Conj/Tloc      #.......     97%         4    #####..
 Fulminant Prism          Conj/Hex       #.........   97%         4    #####..
 Ice Form                 Ice/Tmut       #.......     97%         4    #####..
 Iskenderun's Mystic Bla  Conj           #.......     97%         4    #####..
 Leda's Liquefaction      Hex/Erth       #.........   97%         4    #####..
 Sticky Flame             Conj/Fire      #.......     97%         4    #####..
 Summon Ice Beast         Ice/Summ       #.......     97%         4    #####..
 Summon Lightning Spire   Summ/Air       #.......     97%         4    #####..
 Throw Icicle             Conj/Ice       #.......     97%         4    #####..
 Blade Hands              Tmut           #.........   100%        5    ######.
 Fireball                 Conj/Fire      #.........   100%        5    ######.
 Lightning Bolt           Conj/Air       #.........   100%        5    ######.
 Metabolic Englaciation   Hex/Ice        #.........   100%        5    ######.
 Summon Forest            Summ/Tloc      #.........   100%        5    ######.
 Summon Mana Viper        Hex/Summ       #.......     100%        5    ######.
 Bolt of Cold             Conj/Ice       #.........   100%        6    #######
 Freezing Cloud           Conj/Ice/Air   #.........   100%        6    #######
 Hydra Form               Tmut           #.........   100%        6    #######
 Ozocubu's Refrigeration  Ice            #.........   100%        6    #######
 Simulacrum               Ice/Necr       #.........   100%        6    #######
 Summon Hydra             Summ           #.........   100%        7    #######
 Ignition                 Fire           #.........   100%        8    #######
 Shatter                  Erth           #.........   100%        9    #######
 Tornado                  Air            #.........   100%        9    #######


Dungeon Overview and Level Annotations

Branches:
Dungeon (14/15)            Temple (1/1) D:6            Lair (6/6) D:10
 Shoals (0/4) Lair:4       Spider (0/4) Lair:2        Slime (0/5) Lair:6
    Orc (2/2) D:11            Elf (0/3) Orc:2        Vaults (0/5) D:13

Altars:
Ashenzari
Cheibriados
Dithmenos
Elyvilon
Fedhas
Gozag
Hepliaklqana
Kikubaaqudgha
Makhleb
Nemelex Xobeh
Okawaru
Qazlal
Ru
Sif Muna
Trog
Vehumet
Wu Jian
Xom
Yredelemnul
The Shining One
Beogh

Shops:
D:5 (   D:6 (   D:11 [   D:12 [*   Orc:2 [!}?

Annotations:
D:5 3 runed doors, Sigmund; taqueso's ghost, amateur OpVM
D:7 1 exclusion, Gastronok
D:13 Kirke
Lair:6 3 runed doors, exclusion: oklob plant, edsrzf's ghost, journeyman GnAs


Innate Abilities, Weirdness & Mutations

You are resistant to damage.
You can heal yourself by infusing magical energy.
You resist negative energy. (rN+)
You passively map the area around you.
You do not regenerate.
Scrolls take you a little longer to read.


Message History

Okay, then.
You feel much better.
The harpy screeches!
The harpy claws you!
* * * LOW HITPOINT WARNING * * *
The harpy claws you!
* * * LOW HITPOINT WARNING * * *
The harpy claws you.
* * * LOW HITPOINT WARNING * * *
The harpy barely misses you. The harpy claws you!
* * * LOW HITPOINT WARNING * * *
The harpy claws you!
* * * LOW HITPOINT WARNING * * *
The harpy misses you. The harpy barely misses you. The harpy claws you!
* * * LOW HITPOINT WARNING * * *
The harpy barely misses you.
Kirke says, "Odis was a nice man, you're awful."
The harpy claws you.
You die...

.........>[...#
..#####.†)....#
..#####..@....########
[..............).....#
.......######........#
.......# #.@......#
.......# #........#
.......# #...HHH..#
.......# ####h#####
.......# #..#..#
.......# #)÷#..#
######## #..'..#
#..#..# #..#..#
#######


You could see Kirke (invisible) and 3 harpies.

Vanquished Creatures
  Josephine (D:13)
  7 vault guards (D:13)
  A catoblepas (Lair:6)
  4 hydras
  2 centaur warriors
  The ghost of alziosalvatore the Spear-Bearer, a novice DrMo of Okawaru (D:9)
  4 two-headed ogres
  The ghost of jusw85 the Spear-Bearer, a novice MfAK of Lugonu (D:9)
  4 death yaks
  3 orc high priests (Orc:2)
  Urug (Lair:3)
  Sonja (Lair:5)
  3 unseen horrors
  7 orc knights
  A necromancer (IceCv)
  The ghost of BigBall the Zephyrmancer, a novice FeAE of Sif Muna (D:9)
  A deep elf mage (D:10)
  5 orc sorcerers
  A wolf spider (Lair:5)
  A cyclops (D:11)
  10 elephants
  9 black mambas
  A manticore (Lair:4)
  Joseph (D:8)
  Psyche (D:12)
  A guardian serpent (Lair:6)
  An ice statue (IceCv)
  13 spiny frogs
  5 rime drakes
  2 kobold demonologists
  A komodo dragon (shapeshifter) (D:13)
  10 freezing wraiths (IceCv)
  12 komodo dragons
  A tengu conjurer (D:13)
  2 hornets (Lair:6)
  A troll (D:13)
  3 blink frogs
  14 hippogriffs
  13 dream sheep
  A redback (Lair:6)
  63 yaks
  2 vampires
  5 wraiths
  12 wyverns
  Eustachio (D:6)
  6 basilisks
  A golden eye (shapeshifter) (D:14)
  5 hogs (D:13)
  3 vampire mosquitoes
  A steam dragon (D:12)
  A human (D:13)
  Grum (D:9)
  A hungry ghost (D:13)
  A death yak simulacrum (IceCv)
  2 insubstantial wisps (Lair:3)
  2 wargs (Orc:1)
  19 water moccasins
  3 porcupines
  36 orc warriors
  8 ice beasts
  6 sky beasts
  An alligator simulacrum (IceCv)
  A necrophage (D:7)
  8 ogres
  6 centaurs
  2 wolves (D:9)
  12 crocodiles
  3 big kobolds
  20 bullfrogs
  A wyvern zombie (D:12)
  A water moccasin skeleton (D:7)
  2 wyvern skeletons (D:10)
  6 scorpions
  5 killer bees
  2 howler monkeys (D:9)
  6 wights (D:13)
  An electric eel (Lair:3)
  2 crimson imps (D:10)
  A lava snake (Lair:5)
  3 draconian simulacra (IceCv)
  3 bullfrog zombies
  3 centaur zombies
  2 jellies
  6 hounds
  18 orc priests
  28 orc wizards
  A bullfrog skeleton (D:13)
  2 centaur skeletons (D:10)
  5 iguanas
  Natasha (thrice) (D:3)
  6 troll simulacra (IceCv)
  6 worker ants
  7 hell rats
  A spriggan simulacrum (IceCv)
  A polar bear simulacrum (IceCv)
  A wolf simulacrum (IceCv)
  5 centaur simulacra (IceCv)
  A worker ant zombie (D:10)
  20 adders
  3 gnolls
  3 naga simulacra (IceCv)
  2 ogre simulacra (IceCv)
  A shadow imp (D:10)
  24 white imps
  15 oozes
  An adder zombie (D:4)
  5 worms
  2 dart slugs
  24 leopard geckos
  85 orcs
  11 ball pythons
  6 bats
  14 giant cockroaches
  7 goblins
  3 hobgoblins
  9 jackals
  11 frilled lizards
  11 kobolds
  A leopard gecko skeleton (D:4)
  A quokka zombie (D:9)
  10 rats
  A fungus (D:5)
  A plant (Lair:3)
784 creatures vanquished.

Vanquished Creatures (others)
  17 fungi
  14 plants
  3 withered plants (D:9)
34 creatures vanquished.

Grand Total: 818 creatures vanquished

Notes
Turn   | Place    | Note
-------+----------+-------------------------------------------
     0 | D:1      | BarneyGumball the Deep Dwarf Fighter began the quest for
                  | the Orb.
     0 | D:1      | Reached XP level 1. HP: 20/20 MP: 1/1
    39 | D:1      | Reached XP level 2. HP: 27/27 MP: 2/2
   614 | D:2      | Reached XP level 3. HP: 28/33 MP: 3/3
   798 | D:2      | Found a sparkling altar of Nemelex Xobeh.
   914 | D:2      | Reached skill level 4 in Shields
  1215 | D:3      | Reached XP level 4. HP: 25/40 MP: 4/4
  1469 | D:3      | Noticed Natasha
  1479 | D:3      | Killed Natasha
  1527 | D:3      | Noticed Natasha
  1537 | D:3      | Killed Natasha
  1537 | D:3      | Reached skill level 5 in Axes
  1537 | D:3      | Reached XP level 5. HP: 40/46 MP: 5/5
  1542 | D:3      | Found an ornate altar of the Wu Jian Council.
  1567 | D:3      | Reached skill level 1 in Evocations
  1752 | D:3      | Noticed Natasha
  1757 | D:3      | Killed Natasha
  2067 | D:4      | Got an ancient whip
  2073 | D:4      | Identified the +8 whip "Kaomes" {speed, rC++ Str+3} (You
                  | found it on level 4 of the Dungeon)
  2095 | D:4      | Reached skill level 1 in Maces & Flails
  2095 | D:4      | Reached XP level 6. HP: 34/55 MP: 7/7
  2145 | D:4      | Found the +6 shillelagh "Devastator" {shatter}
  2149 | D:4      | Reached skill level 5 in Shields
  2711 | D:5      | Entered Level 5 of the Dungeon
  2863 | D:5      | Found a glowing drain.
  2867 | D:5      | You fall through a shaft!
  2888 | D:6      | Noticed Eustachio
  2917 | D:6      | Killed Eustachio
  2917 | D:6      | Reached XP level 7. HP: 50/61 MP: 9/9
  3061 | D:5      | Found Pust's Weapon Boutique.
  3090 | D:5      | Noticed taqueso's ghost (amateur OpVM)
  3091 | D:5      | Found a runed gate.
  3091 | D:5      | Found a runed gate.
  3091 | D:5      | Found a runed gate.
  3179 | Sewer    | Entered a sewer
  3388 | Sewer    | Reached skill level 6 in Shields
  3539 | Sewer    | Reached XP level 8. HP: 49/68 MP: 11/11
  3562 | Sewer    | Reached skill level 5 in Evocations
  3670 | D:5      | Reached skill level 5 in Maces & Flails
  3738 | D:5      | Found a blossoming altar of Fedhas.
  3756 | D:5      | Noticed Sigmund
  4076 | D:6      | Found Vihyf's Antique Weapon Boutique.
  4171 | D:6      | Found a staircase to the Ecumenical Temple.
  4295 | Temple   | Entered the Ecumenical Temple
  4375 | Temple   | Became a worshipper of Ashenzari the Shackled
  4698 | D:6      | Found a hazy altar of Hepliaklqana.
  4701 | D:6      | Found a white marble altar of Elyvilon.
  4705 | D:6      | Found a sacrificial altar of Ru.
  5204 | D:7      | Reached skill level 7 in Shields
  5240 | D:7      | Reached * piety under Ashenzari
  5507 | D:7      | Gained mutation: You passively map the area around you.
                  | [Deep Dwarf growth]
  5507 | D:7      | Reached XP level 9. HP: 46/73 MP: 13/13
  5698 | D:8      | Noticed Gastronok
  5746 | D:8      | Noticed Joseph
  5762 | D:8      | Killed Joseph
  5821 | D:8      | Noticed a two-headed ogre
  6087 | D:8      | Noticed a two-headed ogre
  6276 | D:9      | Noticed a two-headed ogre
  6289 | D:9      | Killed a two-headed ogre
  6289 | D:9      | Reached skill level 8 in Shields
  6426 | D:9      | Noticed Grum
  6467 | D:9      | Killed Grum
  6553 | D:9      | Found an opulent altar of Gozag.
  6581 | D:9      | Reached XP level 10. HP: 74/81 MP: 13/13
  6763 | D:9      | Reached ** piety under Ashenzari
  6778 | D:9      | Found a runed gate.
  6778 | D:9      | Found a runed gate.
  6778 | D:9      | Found a runed gate.
  6778 | D:9      | Noticed alziosalvatore's ghost (novice DrMo)
  6778 | D:9      | Noticed BigBall's ghost (novice FeAE)
  6778 | D:9      | Noticed jusw85's ghost (novice MfAK)
  7112 | D:10     | Entered Level 10 of the Dungeon
  7119 | D:10     | Found a staircase to the Lair.
  7218 | D:9      | Reached skill level 9 in Shields
  7421 | D:10     | Reached skill level 10 in Maces & Flails
  7460 | D:10     | Found a shattered altar of Ashenzari.
  7462 | D:10     | Noticed a deep elf mage
  7499 | D:10     | Killed a deep elf mage
  7514 | D:10     | Noticed an orc knight
  7640 | D:10     | Killed an orc knight
  7870 | D:10     | Killed an unseen horror
  8009 | D:10     | Reached *** piety under Ashenzari
  8042 | D:10     | Reached XP level 11. HP: 72/88 MP: 14/14
  8080 | D:10     | Reached skill level 5 in Armour
  8080 | D:10     | Reached skill level 10 in Shields
  8247 | Lair:1   | Entered Level 1 of the Lair of Beasts
  8375 | Lair:1   | Noticed a four-headed hydra
  8386 | Lair:1   | Killed a four-headed hydra
  9028 | Lair:2   | Found a hole to the Spider Nest.
  9136 | Lair:2   | Reached **** piety under Ashenzari
  9409 | Lair:2   | Reached skill level 11 in Shields
  9498 | Lair:2   | Identified the +0 leather armour "Rukixoy" {Int+6 Dex+4}
  9930 | Lair:2   | Reached XP level 12. HP: 68/97 MP: 14/14
 10309 | Lair:3   | Noticed Urug
 10343 | Lair:3   | Killed Urug
 10761 | Lair:4   | Reached ***** piety under Ashenzari
 11141 | Lair:4   | Reached skill level 5 in Fighting
 11141 | Lair:4   | Reached skill level 12 in Shields
 11530 | Lair:4   | Noticed a six-headed hydra
 11554 | Lair:4   | Killed a six-headed hydra
 11588 | Lair:4   | Found a frozen archway.
 11613 | IceCv    | Entered an ice cave
 11846 | IceCv    | Reached skill level 10 in Armour
 11916 | IceCv    | Reached XP level 13. HP: 102/114 MP: 13/13
 11945 | IceCv    | Found an ancient bone altar of Kikubaaqudgha.
 12530 | Lair:4   | Found a staircase to the Shoals.
 12903 | Lair:5   | Noticed Sonja
 13447 | Lair:5   | Killed Sonja
 13584 | Lair:6   | Entered Level 6 of the Lair of Beasts
 13584 | Lair:6   | Noticed a minotaur
 13715 | Lair:6   | Noticed edsrzf's ghost (journeyman GnAs)
 13938 | Lair:6   | Found a runed gate.
 13939 | Lair:6   | Found a runed gate.
 13940 | Lair:6   | Found a runed gate.
 14079 | Lair:6   | Found a staircase to the Slime Pits.
 14527 | Lair:5   | Gained mutation: You resist negative energy. (rN+) [Deep
                  | Dwarf growth]
 14527 | Lair:5   | Reached XP level 14. HP: 74/130 MP: 11/11
 14583 | Lair:5   | Reached skill level 10 in Fighting
 15540 | D:11     | Found Zipterr's Antique Armour Shoppe.
 15565 | D:11     | Found a staircase to the Orcish Mines.
 15566 | D:11     | Bought a pitted chain mail for 275 gold pieces
 15566 | D:11     | Identified the +6 chain mail of Unambiguity {Dex+2} (You
                  | bought it in a shop on level 11 of the Dungeon)
 15566 | D:11     | Bought a crude scale mail for 261 gold pieces
 15566 | D:11     | Identified the +6 scale mail of Eternal Night {Dex+2} (You
                  | bought it in a shop on level 11 of the Dungeon)
 15704 | D:11     | Reached ****** piety under Ashenzari
 16013 | Orc:1    | Entered Level 1 of the Orcish Mines
 16169 | Orc:2    | Entered Level 2 of the Orcish Mines
 16169 | Orc:2    | Found a staircase to the Elven Halls.
 16331 | Orc:2    | Found Leurpheu's Magic Scroll Shop.
 16422 | Orc:2    | Reached skill level 13 in Shields
 16811 | D:5      | Bought a +3 vampiric hand axe for 338 gold pieces
 17092 | D:9      | Killed BigBall's ghost
 17105 | D:9      | Killed alziosalvatore's ghost
 17118 | D:9      | Killed jusw85's ghost
 17356 | Orc:2    | Found Liokhlete's Gadget Emporium.
 17360 | Orc:2    | Bought a scroll of identify for 34 gold pieces
 17360 | Orc:2    | Bought a scroll of identify for 34 gold pieces
 17360 | Orc:2    | Bought a scroll of teleportation for 51 gold pieces
 17360 | Orc:2    | Bought a scroll of identify for 34 gold pieces
 17360 | Orc:2    | Bought a scroll of remove curse for 51 gold pieces
 17362 | Orc:2    | Found Qanil's Distillery.
 17364 | Orc:2    | Found Bockate's Armour Shop.
 17370 | Orc:2    | Bought a potion of heal wounds for 70 gold pieces
 17370 | Orc:2    | Bought a potion of ambrosia for 112 gold pieces
 17370 | Orc:2    | Bought a potion of flight for 42 gold pieces
 17372 | Orc:2    | Bought a +2 plate armour of positive energy for 481 gold
                  | pieces
 18023 | Orc:2    | Found a roughly hewn altar of Beogh.
 18405 | D:12     | Found Jeofiasm's Armour Shoppe.
 18597 | D:12     | Found Xatick's Assorted Antiques.
 18619 | D:12     | Bought a scroll of remove curse for 93 gold pieces
 18619 | D:12     | Bought a fine cloak for 294 gold pieces
 18619 | D:12     | Identified the cursed -4 cloak of Listlessness {Str+8} (You
                  | bought it in a shop on level 12 of the Dungeon)
 18619 | D:12     | Bought a potion of heal wounds for 155 gold pieces
 18768 | D:12     | Noticed Psyche
 18780 | D:12     | Killed Psyche
 18935 | D:12     | Found a shattered altar of Ashenzari.
 19120 | D:13     | Gained mutation: Scrolls take you a little longer to read.
                  | [a neqoxec]
 19385 | D:13     | Found a flagged portal.
 19415 | Bailey   | Entered a bailey
 19600 | Bailey   | Got the cursed leather armour "Paethri" {rElec}
 19658 | Bailey   | Got the uncursed plate armour "Duema" {Dex+4}
 19761 | D:13     | Reached XP level 15. HP: 145/145 MP: 8/8
 19874 | D:13     | Noticed Josephine
 19907 | D:13     | Killed Josephine
 20080 | D:13     | Found a gate to the Vaults.
 20357 | D:13     | Reached skill level 14 in Shields
 20644 | D:14     | Noticed Kirke
 20717 | D:13     | HP: 2/146 [harpy[Kirke] (8)]
 20717 | D:13     | Slain by a harpy

Vault maps used:
D:1:      minmay_arrival_stair_chambers, minmay_tall_x
D:2:      skrybe_limestone_x, minmay_misc_feat_secret_circle,
          nemelex_lonely_heart_becter
D:3:      nicolae_overflow_hidden_temple, first_ration, uniq_natasha
D:5:      fedhas_altar_2, serial_shops, shop_fountains, kennysheep_mini,
          gammafunk_ghost_nasty_kobolds, cheibrodos_sewer_entry_bend,
          minmay_gold_behind_fungi, uniq_sigmund
D:6:      minitemple, minmay_temple_entry_glass, serial_shops,
          nicolae_shop_overgrown_old_shop, minmay_misc_feat_rows,
          nicolae_zen_rock_garden, uniq_eustachio
D:7:      statuecave_lemuel
D:8:      uniq_joseph, uniq_erica, uniq_gastronok
D:9:      lemuel_crystal_altar, gammafunk_ghost_cemetery, uniq_grum
D:10:     hangedman_cross_cluster
D:11:     orc_0_dummy, serial_shops, nicolae_shop_stone
D:12:     basic_altar, serial_shops, shop_fountains, nicolae_shop_trees,
          uniq_psyche
D:13:     erik_vaults_2, enter_bailey_7, grunt_livestock, uniq_josephine
D:14:     kennysheep_nondescript, nicolae_qazlal_general_emergency, uniq_kirke
Temple:   nicolae_temple_elliptical
Lair:1:   eino_small_chamber_without_monster, serial_bayou_pond_a
Lair:2:   dummy_spider_entry, lemuel_fruit_tree, serial_bayou_shore_b
Lair:3:   pond, infiniplex_staircase_pool, uniq_urug
Lair:4:   minmay_shoals_entry_beasts, portal_ice_cave_entry_imps,
          kennysheep_basilisk_garden
Lair:5:   uniq_sonja
Lair:6:   hangedman_lair_tendril_chambers, nicolae_slime_entry_slimehenge,
          maelrawn_ghost_labyrinth_escape
Orc:2:    st_orc_elflike, basic_altar
Sewer:    sewer_frog_island_02
Bailey:   bailey_polearm_2, bailey
IceCv:    ice_cave_small_necro

Skill      XL: |  1  2  3  4  5  6  7  8  9 10 11 12 13 14 15 |
---------------+----------------------------------------------+-----
Axes           | 3 4 5 6 7 |  7.4
Shields        | 4 5 6 7 8 9 11 12 13 14 | 14.1
Evocations     | 2 3 4 6 8 9 |  9.6
Maces & Flails | 1 3 4 7 9 11 12 | 12.7
Armour         | 4 7 10 12 13 | 13.5
Fighting       | 3 6 9 12 | 12.9

Action                   |  1- 3 |  4- 6 |  7- 9 | 10-12 | 13-15 || total
-------------------------+-------+-------+-------+-------+-------++-------
Melee: War axe           |   103 |    82 |       |       |       ||   185
       Whip              |       |    82 |   477 |  1342 |  1541 ||  3442
       Hand axe          |       |       |       |       |  1062 ||  1062
       Unarmed           |       |       |       |       |     5 ||     5
Invok: Curse Item        |       |       |     5 |     3 |     2 ||    10
       Scrying           |       |       |       |       |     2 ||     2
 Abil: Heal Wounds       |       |     3 |    11 |    22 |    30 ||    66
  Use: Scroll            |       |       |    14 |     5 |     9 ||    28
       Potion            |       |       |       |       |     8 ||     8
  Eat: Chunk             |     1 |     6 |    10 |    12 |    17 ||    46
       Ration            |       |       |     1 |     1 |     6 ||     8
Armor: Scale mail        |    42 |    40 |    84 |     2 |       ||   168
       Plate armour      |       |       |       |   249 |   789 ||  1038
       Chain mail        |       |       |       |       |    43 ||    43
Dodge: Dodged            |    46 |    30 |    72 |   109 |   421 ||   678
Block: Shield            |    72 |    69 |   173 |   383 |  1328 ||  2025

Table legend:
 A = Non-vault XP
 B = Vault XP
 C = Vault XP percentage of total XP
 D = Non-vault monster count
 E = Vault monster count
 F = Vault count percentage of total count
                 A         B        C        D         E       F
            +---------+---------+-------+---------+---------+-------
      Total |   71439 |   47109 |  39.7 |     507 |     275 |  35.2
            +---------+---------+-------+---------+---------+-------
        D:1 |      30 |       5 |  14.3 |      19 |       4 |  17.4
        D:2 |      60 |       0 |   0.0 |      12 |       0 |   0.0
        D:3 |     189 |      35 |  15.6 |      24 |       1 |   4.0
        D:4 |     285 |       0 |   0.0 |      20 |       0 |   0.0
        D:5 |     364 |      10 |   2.7 |       9 |       2 |  18.2
        D:6 |     525 |     196 |  27.2 |      13 |       1 |   7.1
        D:7 |    1993 |       0 |   0.0 |      26 |       0 |   0.0
        D:8 |     458 |     445 |  49.3 |       7 |       1 |  12.5
        D:9 |    2472 |    2230 |  47.4 |      32 |       7 |  17.9
       D:10 |    1853 |    3073 |  62.4 |      20 |      21 |  51.2
       D:11 |    4417 |       0 |   0.0 |      40 |       0 |   0.0
       D:12 |    1652 |     434 |  20.8 |      13 |       1 |   7.1
       D:13 |   11353 |   10084 |  47.0 |      66 |      23 |  25.8
       D:14 |    1312 |       0 |   0.0 |       3 |       0 |   0.0
     Lair:1 |    4027 |       0 |   0.0 |      18 |       0 |   0.0
     Lair:2 |    6518 |       0 |   0.0 |      29 |       0 |   0.0
     Lair:3 |    2719 |    1521 |  35.9 |      14 |       5 |  26.3
     Lair:4 |    9062 |    1398 |  13.4 |      35 |      17 |  32.7
     Lair:5 |   11703 |    2199 |  15.8 |      31 |       4 |  11.4
     Lair:6 |    6930 |    8466 |  55.0 |      23 |      35 |  60.3
      Orc:1 |    2021 |       0 |   0.0 |      34 |       0 |   0.0
      Orc:2 |    1496 |    8226 |  84.6 |      19 |      25 |  56.8
      Sewer |       0 |     295 | 100.0 |       0 |      58 | 100.0
     Bailey |       0 |    2110 | 100.0 |       0 |      16 | 100.0
      IceCv |       0 |    6382 | 100.0 |       0 |      54 | 100.0
            +---------+---------+-------+---------+---------+-------
